 Dungeon Crawl Stone Soup version 0.29.1-14-g9c671dbff4 (webtiles) character file.

Game seed: 13330554058228324766

137 Thatpatchoflichen the Ducker (level 5, -1/40 (42) HPs)
             Began as a Demonspawn Gladiator on Feb 17, 2023.
             Slain by Crazy Yiuf
             ... wielding a +2 quarterstaff of chaos
              (3 damage)
             ... on level 3 of the Dungeon.
             The game lasted 00:04:23 (2984 turns).

Thatpatchoflichen the Ducker (Demonspawn Gladiator) Turns: 2984, Time: 00:04:24

HP:   -1/40 (42)    AC:  6    Str: 16    XL:     5   Next: 0%
MP:   5/5           EV: 12    Int: 16    God:
Gold: 128           SH:  0    Dex: 14    Spells: 4/4 levels left

rFire   . . .      SeeInvis .   a - +0 flail
rCold   . . .      Faith    .   (no shield)
rNeg    . . .      Spirit   .   k - +0 ring mail
rPois   .          Reflect  .   c - +0 helmet
rElec   .          Harm     .   (no cloak)
rCorr   +          Rampage  .   (no gloves)
Will    .....                   (no boots)
Stlth   +.........              (no amulet)
HPRegen 0.13/turn               g - ring of resist corrosion
MPRegen 0.09/turn               s - +6 ring of intelligence

@: lightly drained
A: hooves 1, powered by death 1, spiny 1
a: no special abilities


You were on level 3 of the Dungeon.
You visited 1 branch of the dungeon, and saw 4 of its levels.

You collected 128 gold pieces.

Inventory:

Hand Weapons
 a - a +0 flail (weapon)
Missiles
 d - 3 throwing nets (quivered)
 e - 4 javelins
 r - 3 poisoned darts
Armour
 c - a +0 helmet (worn)
 k - a +0 ring mail (worn)
Jewellery
 g - a ring of resist corrosion (left hand)
 s - a +6 ring of intelligence (right hand)
Scrolls
 b - a scroll of butterflies {unknown}
 f - 5 scrolls of identify {unknown}
 h - a scroll of magic mapping {unknown}
 l - a scroll of vulnerability {unknown}
 m - a scroll of enchant weapon {unknown}
 o - a scroll of poison {unknown}
 q - a scroll of teleportation {unknown}
 t - a scroll of noise {unknown}
Potions
 i - 5 potions of heal wounds {unknown}
 j - a potion of attraction {unknown}
 n - 2 potions of curing {unknown}
 p - 2 potions of magic {unknown}


   Skills:
 + Level 3.9 Fighting
 - Level 2.6 Maces & Flails
 - Level 1.7 Throwing
 + Level 4.1 Dodging


You had 4 spell levels left.
You didn't know any spells.
Your spell library contained the following spells:

 Spells                   Type           Power      Damage    Failure   Level
 Shock                    Conj/Air       0%         1d3       43%         1
 Swiftness                Air            0%         N/A       82%         3
 Airstrike                Air            0%         2d(0-16)  99%         4


Dungeon Overview and Level Annotations

Branches:
Dungeon (4/15)
 Temple: D:4-7

Altars:

Annotations:
D:3 Crazy Yiuf


Innate Abilities, Weirdness & Mutations

You have large cloven feet.
You regenerate a little health from kills.
You are partially covered in sharp spines.


Message History

The quokka is heavily wounded.
The quokka bites you but does no damage.
The quokka bites you.
You completely miss the quokka. Your kick misses the quokka.
The quokka is heavily wounded.
The quokka completely misses you.
You closely miss the quokka. You kick the quokka.
You kill the quokka!
You see here a quokka corpse.
You now have 128 gold pieces (gained 12).
An endoplasm comes into view.
The endoplasm quivers.
The endoplasm freezes you.
You are frozen.
You sock the endoplasm!
You kill the endoplasm!
You have reached level 5!
Found a hammer.
Found a runed translucent door.
Crazy Yiuf shouts!
Crazy Yiuf cries, "Walk!
Rot ladder testudinal."
You pick up a book of Air and begin reading...
You add the spells Shock, Swiftness and Airstrike to your library.
You open the door.
Crazy Yiuf zaps a wand.
The bolt of light hits you!
You are confused.
You bump into the tree.
Crazy Yiuf whimpers, "Announcement tortoise ragdoll!"
Crazy Yiuf zaps a wand.
The bolt of light hits you!!
* * * LOW HITPOINT WARNING * * *
You bump into the stone wall.
You feel less confused.
You hit Crazy Yiuf. You kick Crazy Yiuf.
Crazy Yiuf is moderately wounded.
Crazy Yiuf cries, "Pitchfork!
Ice aubergine infinity."
Crazy Yiuf is struck by your spines. Crazy Yiuf barely misses you.
You closely miss Crazy Yiuf. You kick Crazy Yiuf.
Crazy Yiuf is severely wounded.
Crazy Yiuf hits you with a +2 quarterstaff of chaos!
* * * LOW HITPOINT WARNING * * *
You feel drained.
You die...

#....# #.# # #.# #.###
#..#.# #.# #...#
#..#.# #.# ###.#
#..#.# ### #.# #..#.#
#.# #..#.# #.#
#..#.#####♣♣ ### ###.#
#..#.##.+..♣♣ ♣♣#..)#
#...#
#..#.#......♣♣♣♣@g...#
####.#####
..........P..♣..♣#...#
#.........
##.####.+.P.♣.♣♣♣ ###
####.#####
........##♣♣♣♣♣ #.#
##......# #.#
#..###.######## ###.#
#.†# #......... #...#
#..# #..####### #.###
# #..# #..#########
#.# ###


You could see Crazy Yiuf.

Vanquished Creatures
  An orc wizard (D:3)
  3 adders
  6 orcs
  8 ball pythons
  4 bats
  6 endoplasms
  3 giant cockroaches
  6 goblins
  7 hobgoblins
  3 jackals (D:1)
  8 kobolds
  4 quokkas
  10 frilled lizards (D:2)
  4 rats
73 creatures vanquished.

Notes
Turn   | Place    | Note
-------+----------+-------------------------------------------
     0 | D:1      | Thatpatchoflichen the Demonspawn Gladiator began the quest
                  | for the Orb.
     0 | D:1      | Reached XP level 1. HP: 16/16 MP: 1/1
   144 | D:1      | Reached skill level 3 in Dodging
   144 | D:1      | Gained mutation: You have large cloven feet. [demonic
                  | ancestry]
   144 | D:1      | Reached XP level 2. HP: 3/23 MP: 2/2
   470 | D:1      | Found a faded altar of an unknown god.
  1561 | D:2      | Gained mutation: You regenerate a little health from kills.
                  | [demonic ancestry]
  1561 | D:2      | Reached XP level 3. HP: 27/28 MP: 3/3
  2057 | D:2      | You fall into a shaft and drop 2 floors!
  2177 | D:3      | Gained mutation: You are partially covered in sharp spines.
                  | [demonic ancestry]
  2177 | D:3      | Reached XP level 4. HP: 35/35 MP: 4/4
  2344 | D:2      | Reached skill level 4 in Dodging
  2925 | D:3      | Reached XP level 5. HP: 41/42 MP: 5/5
  2940 | D:3      | Found a runed translucent door.
  2941 | D:3      | Noticed Crazy Yiuf
  2984 | D:3      | HP: 2/42 [Crazy Yiuf/+2 quarterstaff of chaos (10)]
  2984 | D:3      | Slain by Crazy Yiuf

Illustrated notes

Levels and vault maps discovered:
D:1:      nzn_arrival_settlement, layout_basic, shapermc_ecumenical_altar_venn
D:2:      layout_basic, minivault_27, minmay_lizard_pond
D:3:      layout_loops_ring, uniq_crazy_yiuf_cottage
D:4:      layout_loops_corners, minmay_temple_entry_arrows

Skill      XL: |  1  2  3  4 |
---------------+-------------+-----
Dodging        | 3 4 |  4.1
Fighting       | 3 |  3.9
Maces & Flails | |  2.6
Throwing       | |  1.7

Action                   |  1- 3 |  4- 6 || total
-------------------------+-------+-------++-------
Melee: Flail             |   129 |    53 ||   182
       Punch             |     1 |       ||     1
       Kick              |    25 |    15 ||    40
Armor: Leather armour    |    42 |       ||    42
       Ring mail         |    28 |    17 ||    45
Dodge: Dodged            |   123 |    34 ||   157
